Map: Ulrena

Players

Trigger

  • Race: Zerg Zerg
  • League: Platinum

Senryakku - Winner!

  • Race: Terran Terran
  • League: Diamond

VOD

Have the link to the VOD?

Description

Time

  • Played on: Dec. 2, 2015, 4:37 p.m.
  • Length: 14:35
Show
View Real Time Build Order
Export as new Build Order

Trigger Zerg 

Build Orders: Hatch First, Muta Ling Bane 

Get SALT Encoding   

  12  0:00  Drone  
  13  0:12  Overlord  
  13  0:17  Drone  
  14  0:30  Drone  
  14  0:31  Drone  
  14  0:34  Drone  
  17  0:54  Hatchery  
  17  0:56  Drone  
  17  1:01  Drone  
  18  1:07  Drone, Extractor  
  18  1:21  Spawning Pool  
  18  1:22  Drone  
  18  1:31  Overlord  
  18  1:40  Drone  
  19  1:49  Drone  
  20  2:00  Drone  
  21  2:08  Queen  
  21  2:09  Queen  
  21  2:10  Zergling x2  
  21  2:14  Metabolic Boost  
  26  2:16  Drone  
  27  2:23  Drone x2  
  27  2:29  Drone  
  30  2:32  Drone  
  31  2:38  Overlord  
  31  2:43  Drone  
  32  2:46  Lair  
  32  2:49  Extractor  
  32  2:50  Drone  
  32  2:55  Drone  
  33  3:00  Drone  
  33  3:05  Drone  
  35  3:10  Queen  
  37  3:14  Overlord  
  37  3:16  Drone  
  37  3:18  Extractor  
  37  3:20  Extractor  
  36  3:29  Drone x6  
  42  3:34  Spine Crawler  
  40  3:47  Spire  
  39  3:49  Drone  
  39  3:52  Drone  
  41  3:58  Overlord  
  41  4:01  Drone  
  41  4:02  Drone  
  43  4:07  Drone  
  43  4:08  Drone  
  45  4:17  Zergling x4  
  45  4:18  Zergling x4  
  45  4:20  Drone  
  50  4:28  Drone x2  
  50  4:30  Overlord  
  52  4:43  Overlord  
  52  4:48  Drone  
  52  4:49  Drone  
  54  4:53  Zergling x4  
  54  4:59  Mutalisk x2  
  56  5:01  Mutalisk x4  
  68  5:10  Overlord  
  68  5:29  Mutalisk x2  
  68  5:30  Hatchery, Mutalisk x2  
  75  5:46  Drone  
  76  5:57  Evolution Chamber  
  76  5:59  Evolution Chamber, Queen  
  76  6:04  Overlord x4  
  76  6:09  Overseer  
  76  6:14  Overlord x2  
  76  6:20  Queen  
  71  6:38  Spire  
  71  6:39  Zerg Melee Weapons Level 1  
  69  6:40  Zerg Ground Armor Level 1  
  69  6:45  Baneling Nest, Drone x6  
  70  7:14  Drone x7  
  70  7:15  Drone x5  
  82  7:27  Centrifical Hooks  
  78  7:38  Zergling x2  
  78  7:39  Zergling x14, Extractor  
  78  7:40  Extractor  
  84  7:50  Baneling  
  84  7:51  Baneling x11  
  84  7:53  Corruptor x3  
  90  8:00  Drone x5  
  90  8:01  Drone  
  94  8:11  Corruptor  
  94  8:12  Corruptor  
  60  8:43  Zergling x2  
  60  8:44  Zergling x16  
  62  8:58  Drone x9  
  58  9:21  Drone x4  
  58  9:23  Drone  
  58  9:24  Drone x2  
  64  9:32  Corruptor x2  
  67  9:39  Zerg Melee Weapons Level 2  
  67  9:40  Zerg Ground Armor Level 2  
  67  9:42  Baneling  
  67  9:43  Baneling x7  
  67  9:46  Corruptor  
  67  9:47  Queen  
  67  9:52  Overseer  
  64  10:06  Corruptor  
  60  10:09  Drone x11  
  60  10:10  Drone x2  
  71  10:19  Zergling x4  
  71  10:20  Zergling x2  
  74  10:29  Spore Crawler  
  74  10:31  Spore Crawler  
  74  10:32  Spore Crawler  
  74  10:33  Zerg Flyer Armor Level 1  
  71  10:44  Corruptor x2  
  71  10:45  Roach Warren  
  74  10:54  Drone  
  74  10:55  Drone x4  
  79  11:17  Zergling x2  
  79  11:18  Zergling x28  
  70  11:51  Corruptor x4  
  61  12:11  Spore Crawler  
  61  12:12  Spore Crawler x2  
  61  12:13  Spore Crawler  
  61  12:15  Spore Crawler  
  50  12:32  Overseer  
  48  12:40  Corruptor x5  
  58  13:03  Corruptor x2  
  54  14:00  Hatchery  
  49  14:12  Roach x5  
Show
View Real Time Build Order
Export as new Build Order

Senryakku Terran - Winner!

Build Orders: Hellion Banshee 

Get SALT Encoding   

  12  0:00  SCV  
  13  0:13  SCV  
  14  0:17  Supply Depot  
  14  0:25  SCV  
  15  0:39  SCV  
  15  0:41  Barracks  
  16  0:51  SCV  
  17  1:03  SCV  
  18  1:15  SCV  
  19  1:30  Marine  
  19  1:31  Orbital Command  
  20  1:38  Command Center  
  20  1:45  Refinery x2  
  20  1:48  Marine  
  21  1:58  SCV  
  21  1:59  Supply Depot  
  22  2:07  Marine  
  23  2:20  SCV  
  24  2:26  Bunker, Marine  
  25  2:30  Factory  
  25  2:34  SCV  
  26  2:49  Barracks Reactor  
  26  2:50  SCV, Orbital Command  
  27  3:02  SCV  
  28  3:14  SCV  
  28  3:18  Starport  
  28  3:19  Starport  
  29  3:20  SCV  
  30  3:30  Hellion x2  
  34  3:34  SCV x2, Supply Depot  
  36  3:46  SCV x2  
  38  3:51  Refinery x2  
  38  3:54  Starport Tech Lab  
  38  3:55  Hellion x2  
  42  3:57  Starport Tech Lab  
  42  4:07  SCV x2  
  46  4:17  Hellion x2  
  46  4:20  Banshee x2  
  54  4:24  Cloaking Field  
  54  4:50  Supply Depot x2  
  54  4:55  SCV x2  
  54  4:58  Engineering Bay  
  54  5:12  Banshee x2, Widow Mine x2  
  54  5:14  Supply Depot  
  64  5:15  SCV x2  
  64  5:16  Supply Depot  
  66  5:31  Missile Turret  
  66  5:32  Missile Turret  
  66  5:35  Missile Turret  
  66  5:36  SCV x2  
  66  5:41  Starport  
  68  5:46  Liberator  
  68  5:48  Liberator  
  68  5:53  SCV x2  
  68  5:54  Supply Depot  
  70  6:02  Barracks Reactor  
  76  6:12  SCV x2  
  76  6:17  Missile Turret  
  78  6:28  SCV x2, Liberator  
  78  6:31  Liberator  
  74  6:33  Liberator, Widow Mine x2  
  74  6:34  Liberator  
  72  6:46  Missile Turret  
  84  6:59  SCV x2  
  86  7:06  Supply Depot  
  84  7:11  SCV x2  
  80  7:16  Hellion x2  
  80  7:22  Command Center  
  81  7:52  Hellion  
  83  8:00  Liberator x2  
  83  8:14  SCV x2  
  83  8:15  Banshee  
  83  8:16  Banshee  
  83  8:17  Hellion x2  
  101  8:20  Armory  
  84  8:45  SCV x2  
  84  8:46  Hellion x2, Orbital Command  
  72  9:10  Liberator x2  
  72  9:11  Liberator x2  
  72  9:12  SCV x2  
  70  9:18  Orbital Command  
  70  9:26  Hellbat x2  
  86  9:31  Terran Ship Weapons Level 1  
  86  9:32  Supply Depot  
  86  9:40  SCV  
  86  9:41  SCV  
  86  9:44  SCV  
  89  9:47  Hellbat x2  
  93  9:53  SCV x2  
  93  9:55  Liberator  
  93  9:56  SCV, Liberator  
  93  9:57  Liberator x2  
  96  10:09  SCV x3  
  96  10:12  Hellbat x2  
  103  10:18  Supply Depot  
  109  10:25  Command Center  
  109  10:38  Refinery  
  109  10:39  Refinery, Hellbat x2  
  113  10:48  Factory  
  113  10:52  Fusion Core  
  113  10:59  Banshee x2  
  113  11:01  Hellbat x2  
  123  11:14  Liberator  
  123  11:16  Liberator  
  123  11:24  Hellbat  
  123  11:33  Hellbat  
  107  11:46  Hellbat  
  105  11:54  Hellbat  
  96  12:14  Hellbat  
  96  12:15  Factory Tech Lab, Hellbat  
  97  12:32  Liberator x2  
  97  12:44  Hellbat x2  
  97  12:45  Infernal Pre-Igniter, Hellbat  
  97  12:48  Armory  
  97  12:49  Banshee  
  97  12:50  Banshee  
  115  13:07  Advanced Ballistics  
  115  13:18  Liberator x2  
  112  13:21  Liberator  
  112  13:22  Liberator  
  103  13:29  Planetary Fortress  
  94  13:38  Hellbat x3  
  106  13:42  Refinery  
  106  13:46  Refinery  
  106  13:53  Missile Turret  
Tags
 
Add a new tag
Caveats
  • Supply blocks, unpowered buildings, or Contaminate may cause inaccurate times.
  • Supply counts are checked every 10 seconds.